 Dungeon Crawl Stone Soup version 0.26.1-11-gd32895ea62 (webtiles) character file.

Game seed: 1195991178536659561

59 raph the Caller (level 3, 0/19 HPs)
             Began as a Deep Elf Summoner on Apr 27, 2021.
             Slain by a worm (11 damage)
             ... on level 3 of the Dungeon.
             The game lasted 00:05:16 (2617 turns).

raph the Caller (Deep Elf Summoner)                 Turns: 2617, Time: 00:05:16

Health: 0/19       AC:  3    Str:  5    XL:     3   Next: 78%
Magic:  2/10       EV: 13    Int: 20    God:
Gold:   104        SH:  0    Dex: 15    Spells: 3/9 levels left

rFire    . . .     SeeInvis .   b - +0 short sword
rCold    . . .     Faith    .   (no shield)
rNeg     . . .     Spirit   .   a - +0 robe
rPois    .         Reflect  .   (no helmet)
rElec    .         Harm     .   h - +0 cloak
rCorr    .         Rampage  .   (no gloves)
Will     +....                  (no boots)
Stlth    ++........             p - amulet of regeneration
HPRegen  0.46/turn              g - ring of willpower
MPRegen  0.12/turn              (no ring)

@: no status effects
A: no striking features
a: no special abilities


You were on level 3 of the Dungeon.
You visited 1 branch of the dungeon, and saw 3 of its levels.

You collected 104 gold pieces.

Inventory:

Hand Weapons
 b - a +0 short sword (weapon)
Armour
 a - a +0 robe (worn)
 h - a +0 cloak (worn)
Jewellery
 g - a ring of willpower (left hand)
 p - an amulet of regeneration (around neck)
 r - an uncursed ring of fire
Scrolls
 e - 7 scrolls of teleportation
 f - 4 scrolls of identify {unknown}
 i - 3 scrolls of remove curse {unknown}
 j - a scroll of magic mapping {unknown}
 l - a scroll of blinking {unknown}
 n - 2 scrolls of noise {unknown}
 o - a scroll of fog {unknown}
 q - a scroll of enchant weapon {unknown}
 s - a scroll of amnesia {unknown}
 u - 3 scrolls of immolation {unknown}
Potions
 c - a potion of mutation {unknown}
 d - 3 potions of heal wounds {unknown}
 k - 5 potions of curing {unknown}
 m - a potion of attraction {unknown}
 t - a potion of degeneration {unknown}


   Skills:
 + Level 3.1 Dodging
 + Level 3.2 Stealth
 + Level 3.7 Spellcasting
 * Level 5.1 Summonings


You had 3 spell levels left.
You knew the following spells:

 Your Spells              Type           Power        Failure   Level
a - Summon Small Mammal   Summ           96%          1%          1
b - Call Imp              Summ           24%          2%          2
c - Call Canine Familiar  Summ           24%          4%          3

Your spell library contained the following spells:

 Spells                   Type           Power        Failure   Level
 Summon Guardian Golem    Hex/Summ       13%          14%         3
 Summon Ice Beast         Ice/Summ       13%          43%         4
 Summon Lightning Spire   Summ/Air       13%          43%         4


Dungeon Overview and Level Annotations

Branches:
Dungeon (3/15)

Altars:
Gozag

Shops:
D:2 *


Message History

You hit the worm but do no damage.
The worm is lightly wounded.
Your crimson imp barely misses the worm.
Unknown command.
Your crimson imp hits the worm but does no damage.
The worm misses your hound.
Your crimson imp hits the worm.
Unknown command.
You swap places.
Your crimson imp hits the worm.
Your crimson imp barely misses the worm.
You hit the worm but do no damage.
The worm is moderately wounded.
The worm closely misses you.
Your crimson imp blinks!
Your crimson imp hits the worm.
Unknown command.
You hit the worm but do no damage.
The worm is moderately wounded.
Your crimson imp hits the worm.
The worm bites you!
Ouch! That really hurt!
You die...

## ## #. .#
##.###.##
##.).....# .
##.#..5...##...
#.#.#..........
#.#...........
#55@h...#...#
##w###.## .##
#.....# #
#####.#####
#........#
#.#.#.#..#
#.#.#..# #
..#..# ..##...


You could see a worm, a friendly hound (summoned), 2 friendly crimson imps and a
friendly white imp (summoned).

Vanquished Creatures
  An adder (D:2)
  A bat (D:1)
  2 goblins (D:1)
  A hobgoblin (D:1)
  A jackal (D:1)
  A quokka (D:3)
  2 frilled lizards (D:1)
  4 rats
13 creatures vanquished.

Vanquished Creatures (collateral kills)
  Jessica (D:2)
  An adder (D:2)
  An ooze (D:1)
  2 leopard geckos (D:1)
  A giant cockroach (D:1)
  3 goblins
  3 hobgoblins
  3 jackals (D:1)
  7 kobolds
  3 bats
  A frilled lizard (D:2)
  3 rats (D:1)
29 creatures vanquished.

Grand Total: 42 creatures vanquished

Notes
Turn   | Place    | Note
-------+----------+-------------------------------------------
     0 | D:1      | raph the Deep Elf Summoner began the quest for the Orb.
     0 | D:1      | Reached XP level 1. HP: 10/10 MP: 6/6
   514 | D:1      | Reached XP level 2. HP: 6/15 MP: 5/8
  1777 | D:1      | Reached XP level 3. HP: 16/19 MP: 9/9
  1822 | D:1      | Learned a level 2 spell: Call Imp
  1826 | D:1      | Learned a level 3 spell: Call Canine Familiar
  2077 | D:2      | Found Gozag's Platinum Reserve.
  2111 | D:2      | Found an opulent altar of Gozag.
  2126 | D:2      | Noticed Jessica
  2136 | D:2      | Killed Jessica
  2137 | D:2      | Reached skill level 5 in Summonings
  2617 | D:3      | Slain by a worm

Illustrated notes

Levels and vault maps discovered:
D:1:      evilmike_arrival_plus, layout_rooms, grunt_decor_fettered,
          amcnicky_mini_corridor_feature, hangedman_decor_clover_reticule
D:2:      lemuel_upstairs_altar, layout_rooms, nicolae_gozag_zags_fifth_avenue,
          uniq_jessica
D:3:      layout_loops_corners, grunt_temple_overflow_open, minmay_between

Skill      XL: |  1  2  3 |
---------------+----------+-----
Stealth        | 3 |  3.2
Dodging        | 3 |  3.1
Summonings     | 5 |  5.1
Spellcasting   | |  3.7

Action                   || total
-------------------------++-------
Melee: Short sword       ||    97
       Unarmed           ||     4
 Cast: Summon Small Mamm ||    50
       Call Imp          ||    10
       Call Canine Famil ||     2
  Use: Scroll            ||     1
 Stab: Sleeping          ||     1
Armor: Robe              ||    19
Dodge: Dodged            ||   101
